Map: Turbo Cruise '84 LE

Players

DarwinAwdWnr

  • Race: Zerg Zerg
  • Spawn Location: 7:00

Axios - Winner!

  • Race: Zerg Zerg
  • League: Diamond
  • Spawn Location: 3:00

VOD

Have the link to the VOD?

Description

Time

  • Played on: June 16, 2019, 2:40 p.m.
  • Length: 10:36
Show
View Real Time Build Order
Export as new Build Order

DarwinAwdWnr Zerg 

Build Orders: Hatch First, Zergling Baneling 

Get SALT Encoding   

  12  0:01  Drone  
  13  0:09  Drone  
  14  0:22  Overlord  
  14  0:48  Drone x3  
  17  0:58  Hatchery  
  17  0:59  Drone  
  17  1:01  Extractor  
  16  1:17  Spawning Pool  
  15  1:20  Drone  
  15  1:21  Drone  
  17  1:42  Drone  
  17  1:43  Drone  
  19  2:08  Zergling x4  
  21  2:10  Queen x2  
  21  2:12  Metabolic Boost  
  25  2:21  Drone x2  
  27  2:44  Baneling Nest  
  26  2:45  Drone  
  26  2:46  Overlord x2, Drone  
  28  3:13  Drone x5  
  33  3:25  Overlord x2  
  33  3:27  Baneling x2  
  33  3:34  Zergling x2  
  33  3:35  Zergling x10  
  38  3:48  Zergling x4  
  41  3:55  Zergling x2  
  41  3:56  Zergling x4  
  43  4:03  Baneling x2  
  43  4:04  Baneling x3  
  43  4:20  Zergling x14  
  44  4:32  Zergling x2  
  44  4:33  Zergling x8  
  44  4:35  Zergling x2  
  45  4:48  Baneling x3  
  45  4:56  Hatchery  
  45  4:57  Zergling x4  
  45  4:58  Zergling x8  
  46  5:11  Zergling x4  
  46  5:12  Zergling x6  
  42  5:17  Baneling  
  42  5:18  Baneling x3  
  42  5:20  Zergling x8  
  46  5:34  Baneling x6  
  46  5:35  Zergling x4  
  46  5:58  Zergling x2  
  46  5:59  Zergling x12  
  47  6:10  Zergling x6  
  42  6:13  Zergling x2  
  42  6:17  Queen  
  44  6:21  Baneling x4  
  44  6:22  Baneling  
  44  6:26  Baneling  
  44  6:29  Zergling x2  
  44  6:30  Zergling x8  
  37  7:10  Zergling x18  
  45  7:17  Baneling x5  
  45  7:19  Zergling x4  
  38  8:07  Zergling x14  
  38  8:08  Zergling x20  
  51  8:19  Roach Warren  
  48  8:33  Drone x9  
  57  8:54  Overlord x3  
  57  9:06  Lair  
  57  9:12  Queen x2  
  61  9:19  Drone  
  61  9:20  Drone x11  
  73  9:34  Spore Crawler  
  73  9:36  Spore Crawler  
  71  9:39  Spore Crawler  
  67  9:48  Queen  
  67  9:50  Queen  
  57  10:15  Hydralisk Den  
  57  10:17  Drone, Spore Crawler  
  57  10:18  Drone x10  
  66  10:22  Extractor  
  65  10:35  Spine Crawler  
Show
View Real Time Build Order
Export as new Build Order

Axios Zerg - Winner!

Build Orders: Hatch First 

Get SALT Encoding   

  12  0:01  Drone  
  13  0:10  Drone  
  14  0:34  Hatchery  
  13  0:38  Drone  
  14  0:56  Spawning Pool  
  13  0:58  Drone  
  14  1:07  Extractor  
  14  1:08  Drone  
  14  1:12  Overlord  
  14  1:26  Extractor  
  14  1:27  Drone  
  15  1:43  Queen  
  15  1:46  Queen  
  19  1:54  Drone  
  19  1:55  Drone  
  19  2:00  Drone  
  22  2:09  Metabolic Boost  
  22  2:15  Drone  
  23  2:20  Zergling x4  
  25  2:29  Drone  
  28  2:30  Drone x2  
  28  2:34  Overlord  
  28  2:52  Drone  
  28  2:53  Drone x5  
  34  3:04  Overlord  
  34  3:05  Drone  
  34  3:06  Drone  
  36  3:15  Spine Crawler  
  36  3:17  Baneling Nest  
  34  3:45  Drone  
  34  3:46  Drone x9  
  44  3:55  Overlord x2, Extractor  
  44  3:56  Extractor x2  
  41  4:05  Evolution Chamber  
  41  4:07  Baneling  
  41  4:08  Baneling x2  
  40  4:16  Evolution Chamber  
  39  4:25  Zergling x22  
  48  4:32  Queen x2  
  48  4:33  Zergling x2  
  49  4:43  Zergling x4  
  51  4:55  Zergling x2  
  51  4:56  Zergling x2  
  53  5:06  Zergling x2  
  51  5:07  Zergling x2  
  45  5:16  Zergling x4  
  45  5:18  Lair  
  47  5:22  Zerg Ground Armor Level 1  
  47  5:24  Zerg Melee Weapons Level 1  
  47  5:32  Drone x3  
  47  5:33  Drone x2  
  52  5:38  Baneling x6  
  48  6:10  Zergling x8  
  48  6:11  Zergling x14  
  55  6:24  Drone, Roach Warren  
  55  6:25  Drone  
  56  6:34  Baneling x4  
  51  7:05  Zergling x2  
  51  7:06  Roach x5  
  54  7:18  Zergling x10  
  59  7:26  Spire  
  58  7:30  Overlord x3  
  49  7:55  Roach  
  49  7:56  Roach x2  
  49  8:21  Drone x6  
  55  8:40  Mutalisk x4  
  63  8:49  Mutalisk x5  
  63  8:53  Mutalisk  
  75  9:01  Roach  
  75  9:02  Mutalisk  
  79  9:13  Mutalisk x2  
  83  9:19  Overlord  
Tags
 
League
Diamond
Matchup
ZvZ
Race
Zerg
Replay Pack
10.7.19
Spawn Locations
Cross Positions
Add a new tag
Caveats
  • Supply blocks, unpowered buildings, or Contaminate may cause inaccurate times.
  • Supply counts are checked every 10 seconds.